AoeStats
← CHMB_Danchi

Arena

509728531Analyzed
4v4 RM · 5d ago on Sep 27, 2026· 40m 58s· 8 players
Game mode
Random Map
Map size
Large (8 player)
Population
200
Speed
Normal
Resources
Standard
Victory
Conquest
Starting age
Dark Age
Ending age
Imperial Age
RankedLock teamsTeams togetherTeam positionsShared explorationLock speedFull tech treeHidden civsTurbo modeCheats
Victory
Defeat
🇦🇷 Franks · Argentina
1160
+14
🇦🇷 Byzantines · Argentina
1070
+18
🇦🇷 Bohemians · Argentina
1039
+19
🇦🇷 Persians · Argentina
1032
+20
🇹🇷 Turks · Türkiye
1153
-19
🇫🇷 Tupi · France
1150
-19
🇲🇽 Franks · Mexico
1120
-18
🇹🇷 Koreans · Türkiye
1046
-15
Alanccino
0:26 Loom
9:29 Feudal Age
9:59 Double-Bit Axe
18:01 Castle Age
17:24 Stone Mining
17:27 Gold Mining
20:09 Gold Shaft Mining
27:21 Imperial Age
27:33 Forging
27:30 Scale Barding Armor
27:43 Cavalier
28:24 Husbandry
30:18 Chain Barding Armor
31:42 Iron Casting
33:20 Plate Barding Armor
33:50 Scale Mail Armor
33:17 Pikeman
33:43 Gambesons
35:32 Blast Furnace
35:17 Conscription
35:16 Squires
35:22 Halberdier
36:08 Caravan
37:18 Chain Mail Armor
39:06 Bow Saw
40:09 Plate Mail Armor
math-hbcn
10:25 Feudal Age
11:51 Loom
14:18 Castle Age
12:16 Double-Bit Axe
12:44 Horse Collar
15:45 Bow Saw
21:15 Stone Mining
21:26 Heavy Plow
23:13 Gold Mining
24:34 Wheelbarrow
25:31 Gold Shaft Mining
30:07 Imperial Age
27:37 Fletching
28:10 Ballistics
28:35 Hand Cart
28:33 Padded Archer Armor
29:14 Bodkin Arrow
29:56 Town Watch
30:28 Leather Archer Armor
30:26 Treadmill Crane
31:49 Conscription
31:39 Curare
32:44 Chemistry
32:31 Town Patrol
32:35 Bracer
34:25 Two-Man Saw
34:16 Ring Archer Armor
33:55 Elite Blackwood Archer
36:11 Pikeman
36:51 Squires
36:55 Scale Mail Armor
37:06 Forging
37:57 Chain Mail Armor
37:24 Halberdier
39:55 Iron Casting
39:53 Plate Mail Armor
40:19 Champi Runner
cold1a
10:35 Feudal Age
9:44 Loom
16:51 Castle Age
17:55 Horse Collar
18:02 Double-Bit Axe
19:11 Bow Saw
20:22 Wheelbarrow
22:09 Town Watch
23:17 Heavy Plow
24:14 Stone Mining
24:14 Gold Mining
25:12 Gold Mining
31:03 Imperial Age
28:45 Pikeman
31:13 Ballistics
30:58 Fletching
31:18 Forging
31:22 Squires
31:08 Arson
32:14 Conscription
32:00 Husbandry
34:10 Chemistry
33:21 Bodkin Arrow
40:27 Hand Cart
40:56 Bracer
Milkus Dilkus
12:07 Feudal Age
13:51 Loom
14:38 Horse Collar
14:44 Double-Bit Axe
15:22 Gold Mining
17:48 Castle Age
22:47 Imperial Age
21:48 Bow Saw
22:15 Gold Shaft Mining
30:18 Wheelbarrow
30:36 Padded Archer Armor
35:08 Leather Archer Armor
35:53 Heavy Camel Rider
38:45 Bloodlines
40:37 Scale Barding Armor
CHMB_Kuc
11:37 Feudal Age
12:56 Loom
15:33 Castle Age
18:11 Fletching
18:18 Crossbowman
28:48 Elite Skirmisher
29:59 Padded Archer Armor
33:08 Ballistics
33:48 Bodkin Arrow
34:09 Leather Archer Armor
35:04 Pikeman
36:43 Squires
36:55 Forging
37:31 Double-Bit Axe
38:56 Arson
40:40 Thumb Ring
CHMB_Martin
10:23 Feudal Age
14:38 Castle Age
13:02 Double-Bit Axe
18:52 Loom
20:17 Town Watch
21:42 Husbandry
22:59 Bow Saw
24:08 Gold Mining
25:43 Wheelbarrow
25:56 Gold Shaft Mining
26:59 Town Patrol
27:34 Hand Cart
30:31 Imperial Age
28:27 Scale Barding Armor
29:18 Forging
29:03 Stone Mining
30:11 Ballistics
31:03 Chain Barding Armor
30:54 Cavalier
32:13 Iron Casting
32:31 Plate Barding Armor
33:32 Chemistry
32:45 Paladin
34:07 Masonry
35:54 Blast Furnace
35:22 Light Cavalry
37:01 Fletching
CHMB Martincek
10:40 Feudal Age
14:47 Castle Age
12:48 Double-Bit Axe
13:21 Horse Collar
17:13 Fervor
17:43 Loom
25:04 Wheelbarrow
26:29 Hand Cart
26:20 Heavy Plow
26:50 Bow Saw
31:18 Imperial Age
30:17 Chemistry
29:38 Ballistics
29:13 Fletching
28:49 Elite Skirmisher
28:59 Pikeman
29:39 Squires
31:19 Bodkin Arrow
31:25 Scale Mail Armor
32:05 Bracer
32:16 Forging
33:44 Siege Engineers
34:25 Conscription
34:50 Padded Archer Armor
35:21 Masonry
35:22 Fortified Wall
38:21 Leather Archer Armor
38:24 Chain Mail Armor
39:20 Houfnice
CHMB_Danchi
10:44 Feudal Age
14:34 Castle Age
13:34 Double-Bit Axe
13:32 Horse Collar
15:40 Wheelbarrow
15:56 Bow Saw
24:10 Loom
25:05 Heavy Plow
28:51 Imperial Age
26:38 Hand Cart
26:40 Husbandry
26:51 Bloodlines
27:43 Scale Barding Armor
27:49 Forging
28:12 Gold Mining
28:15 Stone Mining
28:48 Chain Barding Armor
29:08 Cavalier
31:10 Savar
33:54 Plate Barding Armor
33:55 Iron Casting
35:17 Gold Shaft Mining
35:21 Stone Shaft Mining
35:22 Scale Mail Armor
37:06 Blast Furnace
Connection lost

Rejoining the realm…

Still unreachable

The connection could not be restored.

Session expired

The server has moved on; the page needs a fresh start.